TOP OF THE 1ST |
Arizona State University Sun Devils batting - Pitching for University of Florida Gators : LHP Michel Loiseau
|
Pitching: LHP Michel Loiseau
|
|
Batting: RHB Alonzo Cardona
|
0-0: Ground out 5-3 (Groundball, 56, EV 103.1 MPH)
|
Batting: RHB Alex Valadez
|
0-0: Called Strike 0-1: Swinging Strike 0-2: Ball 1-2: Foul Ball, location: 2F 1-2: Ball 2-2: Foul Ball, location: 2F 2-2: Foul Ball, location: 2F 2-2: Foul Ball, location: 2F 2-2: Strikes out swinging
|
Batting: LHB Dave Marin
|
0-0: Ball 1-0: Ball 2-0: Ball 3-0: Called Strike 3-1: Ground out 4-3 (Groundball, 4, EV 86.2 MPH)
|
Top of the 1st over - 0 runs, 0 hits, 0 errors, 0 left on base; Arizona State University 0 - University of Florida 0 |
BOTTOM OF THE 1ST |
University of Florida Gators batting - Pitching for Arizona State University Sun Devils : LHP Nick Segar
|
Pitching: LHP Nick Segar
|
|
Batting: SHB Nelson Carachure
|
0-0: Foul Ball, location: 2F 0-1: Ball 1-1: Swinging Strike 1-2: Strikes out swinging
|
Batting: RHB Ben Bailey
|
0-0: Ground out 6-3 (Groundball, 6, EV 86.2 MPH)
|
Batting: RHB Marco Morales
|
0-0: Swinging Strike 0-1: Ball 1-1: Ball 2-1: Foul Ball, location: 2F 2-2: Foul Ball, location: 2F 2-2: Strikes out swinging
|
Bottom of the 1st over - 0 runs, 0 hits, 0 errors, 0 left on base; Arizona State University 0 - University of Florida 0 |
TOP OF THE 2ND |
Arizona State University Sun Devils batting - Pitching for University of Florida Gators : LHP Michel Loiseau
|
Batting: RHB Alex Ruybalid
|
0-0: Ball 1-0: Ball 2-0: Ball 3-0: Called Strike 3-1: Foul Ball, location: 2F 3-2: Strikes out swinging
|
Batting: SHB Manny Aponte
|
0-0: Ball 1-0: Ground out 6-3 (Groundball, 6, EV 98.8 MPH)
|
Batting: RHB Martin Boyle
|
0-0: Ball 1-0: Foul Ball, location: 2F 1-1: Ball 2-1: Called Strike 2-2: Strikes out looking
|
Top of the 2nd over - 0 runs, 0 hits, 0 errors, 0 left on base; Arizona State University 0 - University of Florida 0 |
BOTTOM OF THE 2ND |
University of Florida Gators batting - Pitching for Arizona State University Sun Devils : LHP Nick Segar
|
Batting: RHB Josh Benefield
|
0-0: DOUBLE (Flyball, 89XD, EV 91.9 MPH)
|
Batting: RHB Luis Cabera
|
0-0: Called Strike 0-1: Swinging Strike 0-2: Strikes out swinging
|
Batting: RHB Keith Kamerling
|
0-0: Called Strike 0-1: Ball 1-1: Ball 2-1: Called Strike 2-2: Ball 3-2: Foul Ball, location: 2F 3-2: Base on Balls
|
Batting: RHB Robert Mason
|
0-0: Swinging Strike 0-1: Called Strike 0-2: Ball 1-2: Foul Ball, location: 2F 1-2: Foul Ball, location: 2F 1-2: Strikes out looking
|
Batting: RHB Trent Spivey
|
0-0: Swinging Strike 0-1: Ball 1-1: Foul Ball, location: 2F 1-2: Strikes out swinging
|
Bottom of the 2nd over - 0 runs, 1 hit, 0 errors, 2 left on base; Arizona State University 0 - University of Florida 0 |
TOP OF THE 3RD |
Arizona State University Sun Devils batting - Pitching for University of Florida Gators : LHP Michel Loiseau
|
Batting: RHB Chris DeLuise
|
0-0: SINGLE (Groundball, 4D, EV 97.5 MPH)
|
Batting: LHB David Goad
|
0-0: Called Strike 0-1: Ball 1-1: Fielders Choice at 2nd, 4-6 (Groundball, 4, EV 87.5 MPH)
|
Batting: RHB Israel Tobias
|
0-0: Ball 1-0: Called Strike 1-1: Foul Ball, location: 2F 1-2: Foul Ball, location: 2F 1-2: Strikes out swinging David Goad is caught stealing 2nd base 2-4 Batter strikes out.
|
Top of the 3rd over - 0 runs, 1 hit, 0 errors, 0 left on base; Arizona State University 0 - University of Florida 0 |
BOTTOM OF THE 3RD |
University of Florida Gators batting - Pitching for Arizona State University Sun Devils : LHP Nick Segar
|
Batting: RHB Danny Cisneros
|
0-0: Foul Ball, location: 2F 0-1: Ground out 5-3 (Groundball, 56S, EV 85.6 MPH)
|
Batting: SHB Nelson Carachure
|
0-0: Ball 1-0: Ball 2-0: SINGLE (Groundball, 56, EV 98.1 MPH)
|
Batting: RHB Ben Bailey
|
0-0: Foul Ball, location: 2F 0-1: Ball 1-1: Called Strike 1-2: Grounds into double play, 6-4-3 (Groundball, 6, EV 104.4 MPH)
|
Bottom of the 3rd over - 0 runs, 1 hit, 0 errors, 0 left on base; Arizona State University 0 - University of Florida 0 |
TOP OF THE 4TH |
Arizona State University Sun Devils batting - Pitching for University of Florida Gators : LHP Michel Loiseau
|
Batting: RHB Alonzo Cardona
|
0-0: Foul Ball, location: 2F 0-1: Ground out U3 (Groundball, 34, EV 98.1 MPH)
|
Batting: RHB Alex Valadez
|
0-0: Ground out 1-3 (Groundball, 34S, EV 63.1 MPH)
|
Batting: LHB Dave Marin
|
0-0: Called Strike 0-1: Foul Ball, location: 2F 0-2: Ball 1-2: Ball 2-2: Strikes out looking
|
Top of the 4th over - 0 runs, 0 hits, 0 errors, 0 left on base; Arizona State University 0 - University of Florida 0 |
BOTTOM OF THE 4TH |
University of Florida Gators batting - Pitching for Arizona State University Sun Devils : LHP Nick Segar
|
Batting: RHB Marco Morales
|
0-0: Ball 1-0: Ground out 4-3 (Groundball, 4M, EV 83.8 MPH)
|
Batting: RHB Josh Benefield
|
0-0: Ball 1-0: Ground out 4-3 (Groundball, 4, EV 90.0 MPH)
|
Batting: RHB Luis Cabera
|
0-0: Called Strike 0-1: Swinging Strike 0-2: Ball 1-2: Ball 2-2: Strikes out swinging
|
Bottom of the 4th over - 0 runs, 0 hits, 0 errors, 0 left on base; Arizona State University 0 - University of Florida 0 |
TOP OF THE 5TH |
Arizona State University Sun Devils batting - Pitching for University of Florida Gators : LHP Michel Loiseau
|
Batting: RHB Alex Ruybalid
|
0-0: Foul Ball, location: 2F 0-1: Ball 1-1: Ball 2-1: Called Strike 2-2: Ball 3-2: Strikes out swinging
|
Batting: SHB Manny Aponte
|
0-0: Swinging Strike 0-1: Ball 1-1: Swinging Strike 1-2: Strikes out swinging
|
Batting: RHB Martin Boyle
|
0-0: Ball 1-0: Ground out 4-3 (Groundball, 4S, EV 76.2 MPH)
|
Top of the 5th over - 0 runs, 0 hits, 0 errors, 0 left on base; Arizona State University 0 - University of Florida 0 |
BOTTOM OF THE 5TH |
University of Florida Gators batting - Pitching for Arizona State University Sun Devils : LHP Nick Segar
|
Batting: RHB Keith Kamerling
|
0-0: Foul Ball, location: 2F 0-1: Ball 1-1: Foul Ball, location: 2F 1-2: Ground out 5-3 (Groundball, 56S, EV 82.5 MPH)
|
Batting: RHB Robert Mason
|
0-0: Ball 1-0: DOUBLE (Groundball, 5L, EV 106.2 MPH)
|
Batting: RHB Trent Spivey
|
0-0: Foul Ball, location: 2F 0-1: Called Strike 0-2: Ball 1-2: Foul Ball, location: 2F 1-2: Ball 2-2: Ball 3-2: Base on Balls
|
Batting: RHB Danny Cisneros
|
0-0: Fly out, F7 (Flyball, 7S, EV 87.5 MPH)
|
Batting: SHB Nelson Carachure
|
0-0: Ball 1-0: Ball 2-0: Ball 3-0: Called Strike 3-1: Foul Ball, location: 2F 3-2: Fly out, F6 (Line Drive, 6D, EV 66.9 MPH)
|
Bottom of the 5th over - 0 runs, 1 hit, 0 errors, 2 left on base; Arizona State University 0 - University of Florida 0 |
TOP OF THE 6TH |
Arizona State University Sun Devils batting - Pitching for University of Florida Gators : LHP Michel Loiseau
|
Batting: RHB Chris DeLuise
|
0-0: Ball 1-0: Ball 2-0: Swinging Strike 2-1: Swinging Strike 2-2: Strikes out swinging
|
Batting: LHB David Goad
|
0-0: Called Strike 0-1: Swinging Strike 0-2: Ground out 4-3 (Groundball, 4, EV 88.1 MPH)
|
Batting: RHB Israel Tobias
|
0-0: Ball 1-0: Foul Ball, location: 2F 1-1: Called Strike 1-2: Strikes out swinging
|
Top of the 6th over - 0 runs, 0 hits, 0 errors, 0 left on base; Arizona State University 0 - University of Florida 0 |
BOTTOM OF THE 6TH |
University of Florida Gators batting - Pitching for Arizona State University Sun Devils : LHP Nick Segar
|
Batting: RHB Ben Bailey
|
0-0: Swinging Strike 0-1: Foul Ball, location: 2F 0-2: Strikes out swinging
|
Batting: RHB Marco Morales
|
0-0: Foul Ball, location: 2F 0-1: Ball 1-1: Called Strike 1-2: Ball 2-2: Strikes out swinging
|
Batting: RHB Josh Benefield
|
0-0: Ground out 4-3 (Groundball, 4, EV 101.2 MPH)
|
Bottom of the 6th over - 0 runs, 0 hits, 0 errors, 0 left on base; Arizona State University 0 - University of Florida 0 |
TOP OF THE 7TH |
Arizona State University Sun Devils batting - Pitching for University of Florida Gators : LHP Michel Loiseau
|
Batting: RHB Alonzo Cardona
|
0-0: Ball 1-0: Foul Ball, location: 2F 1-1: SINGLE (Flyball, 7LS, EV 96.2 MPH) - OUT at second base trying to stretch hit.
|
Batting: RHB Alex Valadez
|
0-0: Foul Ball, location: 2F 0-1: Ball 1-1: Ground out 6-3 (Groundball, 6, EV 90.6 MPH)
|
Batting: LHB Dave Marin
|
0-0: Ball 1-0: DOUBLE (Line Drive, 7LS, EV 108.8 MPH)
|
Pitching: RHP Marv Harris
|
|
Batting: RHB Alex Ruybalid
|
0-0: Called Strike 0-1: Foul Ball, location: 2F 0-2: Ball 1-2: Ground out 5-3 (Groundball, 56, EV 80.0 MPH)
|
Top of the 7th over - 0 runs, 2 hits, 0 errors, 1 left on base; Arizona State University 0 - University of Florida 0 |
BOTTOM OF THE 7TH |
University of Florida Gators batting - Pitching for Arizona State University Sun Devils : LHP Nick Segar
|
Pitching: LHP Tony Garcia
|
|
Pinch Hitting: RHB Elliott Pye
|
0-0: Ball 1-0: Fly out, F7 (Flyball, 7D, EV 102.5 MPH)
|
Batting: RHB Keith Kamerling
|
0-0: Called Strike 0-1: Swinging Strike 0-2: Foul Ball, location: 2F 0-2: Foul Ball, location: 2F 0-2: Ball 1-2: Ball 2-2: Foul Ball, location: 2F 2-2: Ball 3-2: Base on Balls
|
Batting: RHB Robert Mason
|
0-0: Foul Ball, location: 2F 0-1: Swinging Strike 0-2: Ball 1-2: Strikes out swinging
|
Pinch Hitting: SHB Pat Justice
|
0-0: Ball 1-0: Foul Ball, location: 2F 1-1: Ball 2-1: Ball 3-1: Fly out, F9 (Flyball, 9LS, EV 86.9 MPH)
|
Bottom of the 7th over - 0 runs, 0 hits, 0 errors, 1 left on base; Arizona State University 0 - University of Florida 0 |
TOP OF THE 8TH |
Arizona State University Sun Devils batting - Pitching for University of Florida Gators : RHP Marv Harris
|
Now at 2B: Michael Medina
|
|
Now at 3B: Juan Lopez
|
|
Batting: SHB Manny Aponte
|
0-0: Ball 1-0: Called Strike 1-1: Ball 2-1: Swinging Strike 2-2: Strikes out swinging
|
Pinch Hitting: LHB Dustin Gill
|
0-0: Foul Ball, location: 2F 0-1: Ground out 3-1 (Groundball, 34, EV 108.1 MPH)
|
Pinch Hitting: RHB Rusty Gee
|
0-0: Called Strike 0-1: Foul Ball, location: 2F 0-2: Ball 1-2: Foul Ball, location: 2F 1-2: Ball 2-2: Ball 3-2: Ground out 6-3 (Groundball, 6, EV 104.4 MPH)
|
Top of the 8th over - 0 runs, 0 hits, 0 errors, 0 left on base; Arizona State University 0 - University of Florida 0 |
BOTTOM OF THE 8TH |
University of Florida Gators batting - Pitching for Arizona State University Sun Devils : LHP Tony Garcia
|
Now at 1B: Raul Vargas
|
|
Now at SS: Carl Evans
|
|
Batting: RHB Danny Cisneros
|
0-0: Foul Ball, location: 2F 0-1: Ground out 6-3 (Groundball, 6M, EV 91.2 MPH)
|
Batting: SHB Nelson Carachure
|
0-0: Swinging Strike 0-1: Foul Ball, location: 2F 0-2: Strikes out swinging
|
Batting: RHB Ben Bailey
|
0-0: Fly out, F8 (Flyball, 8RD, EV 88.8 MPH)
|
Bottom of the 8th over - 0 runs, 0 hits, 0 errors, 0 left on base; Arizona State University 0 - University of Florida 0 |
TOP OF THE 9TH |
Arizona State University Sun Devils batting - Pitching for University of Florida Gators : RHP Marv Harris
|
Pitching: LHP Alex Zepeda
|
|
Pinch Hitting: RHB Jun-hyuk Leem
|
0-0: Called Strike 0-1: Called Strike 0-2: Strikes out swinging
|
Pinch Hitting: RHB Bobby Johannsen
|
0-0: Called Strike 0-1: Ball 1-1: Ground out 5-3 (Groundball, 56, EV 98.1 MPH)
|
Pinch Hitting: RHB David Krebs
|
0-0: Ball 1-0: Foul Ball, location: 2F 1-1: Called Strike 1-2: Ball 2-2: Strikes out swinging
|
Top of the 9th over - 0 runs, 0 hits, 0 errors, 0 left on base; Arizona State University 0 - University of Florida 0 |
BOTTOM OF THE 9TH |
University of Florida Gators batting - Pitching for Arizona State University Sun Devils : LHP Tony Garcia
|
Now at C: Stephen Wheeler
|
|
Now at 2B: Kawenaula Kapali
|
|
Now in CF: Timon Giorgiou
|
|
Now in RF: Alex Ruybalid
|
|
Batting: RHB Marco Morales
|
0-0: Ball 1-0: Ball 2-0: Ball 3-0: Called Strike 3-1: Ground out 4-3 (Groundball, 4, EV 91.2 MPH)
|
Pinch Hitting: RHB Cyril Theophanous
|
0-0: Ball 1-0: Ball 2-0: Ball 3-0: Base on Balls
|
Batting: RHB Juan Lopez
|
0-0: Called Strike 0-1: Ball 1-1: SINGLE (Groundball, 34D, EV 110.6 MPH) Cyril Theophanous to second Runner from 2nd tries for 3rd, OUT! 9-5
|
Pitching: RHP Manny Ortega
|
|
Pinch Hitting: LHB Dave Newsome
|
0-0: Ball 1-0: Fly out, F7 (Line Drive, 78M, EV 92.5 MPH)
|
Bottom of the 9th over - 0 runs, 1 hit, 0 errors, 1 left on base; Arizona State University 0 - University of Florida 0 |
TOP OF THE 10TH |
Arizona State University Sun Devils batting - Pitching for University of Florida Gators : LHP Alex Zepeda
|
Pitching: RHP Vespasiano Galvanoni
|
|
Now in LF: Terry Bayer
|
|
Now in RF: Juan Moreno
|
|
Pinch Hitting: LHB Burraga Iukini
|
0-0: Foul Ball, location: 2F 0-1: Foul Ball, location: 2F 0-2: Ball 1-2: Ball 2-2: Foul Ball, location: 2F 2-2: Foul Ball, location: 2F 2-2: Foul Ball, location: 2F 2-2: Ball 3-2: SINGLE (Groundball, 13S, EV 63.1 MPH) (infield hit)
|
Batting: LHB Dave Marin
|
0-0: Ball 1-0: Foul Ball, location: 2F 1-1: Ball 2-1: Swinging Strike 2-2: Foul Ball, location: 2F 2-2: Strikes out swinging
|
Pinch Hitting: LHB Ricky Hernandez
|
0-0: Ball 1-0: Ball 2-0: Ball 3-0: Base on Balls Burraga Iukini to second
|
Pinch Hitting: SHB Salvador Rodriquez
|
0-0: Called Strike 0-1: SINGLE (Line Drive, 89S, EV 88.1 MPH) Burraga Iukini to third Ricky Hernandez to second Runner from 3rd tries for Home, SAFE, throw by RF to home
|
Batting: RHB Carl Evans
|
0-0: Called Strike 0-1: Fielders Choice at 2nd, 4-6 (Groundball, 4S, EV 83.1 MPH) Ricky Hernandez to third
|
Batting: RHB Raul Vargas
|
0-0: Called Strike 0-1: Swinging Strike 0-2: Ball 1-2: Ball 2-2: Ball 3-2: Strikes out swinging
|
Top of the 10th over - 1 run, 2 hits, 0 errors, 2 left on base; Arizona State University 1 - University of Florida 0 |
BOTTOM OF THE 10TH |
University of Florida Gators batting - Pitching for Arizona State University Sun Devils : RHP Manny Ortega
|
Now at 3B: Ricky Hernandez
|
|
Now in LF: Burraga Iukini
|
|
Now in RF: Bill Callbeck
|
|
Pinch Hitting: RHB Manny Harrison
|
0-0: Fly out, F9 (Line Drive, 9, EV 98.1 MPH)
|
Batting: SHB Michael Medina
|
0-0: Ball 1-0: Ground out U3 (Groundball, 3, EV 100.6 MPH)
|
Pitching: RHP Hector Morales
|
|
Batting: RHB C.J. Clifford
|
0-0: Ball 1-0: Called Strike 1-1: Foul Ball, location: 2F 1-2: Foul Ball, location: 2F 1-2: Strikes out swinging
|
Bottom of the 10th over - 0 runs, 0 hits, 0 errors, 0 left on base; Arizona State University 1 - University of Florida 0 |
|